3L
BROOKLYN DODGERS @ CAPITAL DISTRICT RED KNIGHTS
05/09/2027
 
TOP OF THE 1ST
Brooklyn Dodgers batting - Pitching for Capital District Red Knights : RHP Luis Hernández
Pitching: RHP Luis Hernández
Batting: LHB Ki-tak Im 0-0: Called Strike
0-1: Called Strike
0-2: Strikes out swinging
Batting: SHB Juan Rivas 0-0: Called Strike
0-1: SOLO HOME RUN (Flyball, 89XD), Distance : 359 ft
Batting: RHB Oliver Aranda 0-0: Fly out, F8 (Flyball, 8LXD)
Batting: LHB Chad Armstrong 0-0: Foul Ball, location: 2F
0-1: Ball
1-1: Foul Ball, location: 2F
1-2: Ball
2-2: Foul Ball, location: 2F
2-2: Foul Ball, location: 2F
2-2: Ball
3-2: Foul Ball, location: 2F
3-2: Base on Balls
Batting: LHB Avon Barksdale 0-0: Called Strike
0-1: Ball
1-1: Ball
2-1: Ground out U3 (Groundball, 3L)
Top of the 1st over - 1 run(s), 1 hit(s), 0 error(s), 1 left on base; Brooklyn 1 - Capital District 0
BOTTOM OF THE 1ST
Capital District Red Knights batting - Pitching for Brooklyn Dodgers : RHP Russ Horne
Pitching: RHP Russ Horne
Batting: RHB Danilo Mosca 0-0: Called Strike
0-1: Foul Ball, location: 2F
0-2: Ball
1-2: Strikes out looking
Batting: LHB Francisco Sánchez 0-0: Called Strike
0-1: Ball
1-1: Fly out, F5 (Popup, 5S)
Batting: RHB Sergio Ortíz 0-0: Swinging Strike
0-1: Ball
1-1: Called Strike
1-2: Ball
2-2: Strikes out swinging, 2-3 out at first.
Bottom of the 1st over - 0 run(s), 0 hit(s), 0 error(s), 0 left on base; Brooklyn 1 - Capital District 0
TOP OF THE 2ND
Brooklyn Dodgers batting - Pitching for Capital District Red Knights : RHP Luis Hernández
Batting: LHB Yannick Hendriksen 0-0: Called Strike
0-1: Ball
1-1: Swinging Strike
1-2: Ball
2-2: Strikes out swinging
Batting: RHB Gustavo Mateo 0-0: Called Strike
0-1: Foul Ball, location: 2F
0-2: Ground out 1-3 (Groundball, 15S)
Batting: RHB Gerald Clark 0-0: Fly out, F5 (Popup, 5D)
Top of the 2nd over - 0 run(s), 0 hit(s), 0 error(s), 0 left on base; Brooklyn 1 - Capital District 0
BOTTOM OF THE 2ND
Capital District Red Knights batting - Pitching for Brooklyn Dodgers : RHP Russ Horne
Batting: RHB Barry Dempsey 0-0: Foul Ball, location: 2F
0-1: Ball
1-1: Ball
2-1: Swinging Strike
2-2: Foul Ball, location: 2F
2-2: Ground out 4-3 (Groundball, 4M)
Batting: RHB Chris Costa 0-0: Foul Ball, location: 2F
0-1: Ball
1-1: Foul Ball, location: 2F
1-2: Ball
2-2: Ground out 5-3 (Groundball, 5)
Batting: RHB Reggie Kahn 0-0: Ground out 5-3 (Groundball, 5)
Bottom of the 2nd over - 0 run(s), 0 hit(s), 0 error(s), 0 left on base; Brooklyn 1 - Capital District 0
TOP OF THE 3RD
Brooklyn Dodgers batting - Pitching for Capital District Red Knights : RHP Luis Hernández
Batting: RHB Vincent Crane 0-0: Ball
1-0: Called Strike
1-1: Called Strike
1-2: Strikes out swinging
Batting: LHB Ki-tak Im 0-0: Foul Ball, location: 2F
0-1: Ball
1-1: Ground out 4-3 (Groundball, 4)
Batting: SHB Juan Rivas 0-0: Ball
1-0: Ball
2-0: Ball
3-0: Called Strike
3-1: Foul Ball, location: 2F
3-2: Foul Ball, location: 2F
3-2: SOLO HOME RUN (Flyball, 9D), Distance : 343 ft
Batting: RHB Oliver Aranda 0-0: Foul Ball, location: 2F
0-1: Foul Ball, location: 2F
0-2: SOLO HOME RUN (Flyball, 78XD), Distance : 378 ft
Batting: LHB Chad Armstrong 0-0: Called Strike
0-1: Swinging Strike
0-2: Strikes out looking
Top of the 3rd over - 2 run(s), 2 hit(s), 0 error(s), 0 left on base; Brooklyn 3 - Capital District 0
BOTTOM OF THE 3RD
Capital District Red Knights batting - Pitching for Brooklyn Dodgers : RHP Russ Horne
Batting: RHB Alfonso Enríquez 0-0: Ground out 6-3 (Groundball, 6)
Batting: SHB Bernardo Hernández 0-0: Called Strike
0-1: Ground out 4-3 (Groundball, 4)
Batting: LHB Arturo Hernández 0-0: Ball
1-0: Foul Ball, location: 2F
1-1: Called Strike
1-2: Ball
2-2: Foul Ball, location: 2F
2-2: Foul Ball, location: 2F
2-2: SINGLE (Line Drive, 34D)
Batting: RHB Danilo Mosca 0-0: Ball
1-0: Foul Ball, location: 2F
1-1: Foul Ball, location: 2F
1-2: Strikes out swinging
Bottom of the 3rd over - 0 run(s), 1 hit(s), 0 error(s), 1 left on base; Brooklyn 3 - Capital District 0
TOP OF THE 4TH
Brooklyn Dodgers batting - Pitching for Capital District Red Knights : RHP Luis Hernández
Batting: LHB Avon Barksdale 0-0: Ball
1-0: Called Strike
1-1: Called Strike
1-2: Fly out, F8 (Flyball, 8RD)
Batting: LHB Yannick Hendriksen 0-0: Ground out 4-3 (Groundball, 4)
Batting: RHB Gustavo Mateo 0-0: Called Strike
0-1: Swinging Strike
0-2: Foul Ball, location: 2F
0-2: Ball
1-2: Ball
2-2: Strikes out looking
Top of the 4th over - 0 run(s), 0 hit(s), 0 error(s), 0 left on base; Brooklyn 3 - Capital District 0
BOTTOM OF THE 4TH
Capital District Red Knights batting - Pitching for Brooklyn Dodgers : RHP Russ Horne
Batting: LHB Francisco Sánchez 0-0: Ball
1-0: Ball
2-0: Ball
3-0: Base on Balls
Batting: RHB Sergio Ortíz 0-0: Fly out, F8 (Flyball, 8RS)
Batting: RHB Barry Dempsey 0-0: Called Strike
Francisco Sánchez steals 2nd base
0-1: Ball
1-1: Foul Ball, location: 2F
1-2: Ball
2-2: Ball
3-2: Ground out 4-3 (Groundball, 4)
Francisco Sánchez to third
Batting: RHB Chris Costa 0-0: Ball
1-0: Ball
Balk!
Francisco Sánchez scores
2-0: Ground out 5-3 (Groundball, 5)
Bottom of the 4th over - 1 run(s), 0 hit(s), 0 error(s), 0 left on base; Brooklyn 3 - Capital District 1
TOP OF THE 5TH
Brooklyn Dodgers batting - Pitching for Capital District Red Knights : RHP Luis Hernández
Batting: RHB Gerald Clark 0-0: Called Strike
0-1: Ball
1-1: Ball
2-1: Called Strike
2-2: SINGLE (Line Drive, 78S)
Batting: RHB Vincent Crane 0-0: Sac Bunt - play at first, batter OUT! 5-3
Gerald Clark to second
Batting: LHB Ki-tak Im 0-0: Called Strike
0-1: Ball
1-1: SINGLE (Groundball, 4MD)
Gerald Clark to third
Batting: SHB Juan Rivas 0-0: Ball
1-0: Fly out, F8 (Line Drive, 8RM)
Runner from 3rd tags up, SCORES, throw made
Batting: RHB Oliver Aranda 0-0: Ball
Ki-tak Im steals 2nd base
1-0: Called Strike
1-1: Foul Ball, location: 2F
1-2: Ground out 6-3 (Groundball, 6MS)
Top of the 5th over - 1 run(s), 2 hit(s), 0 error(s), 1 left on base; Brooklyn 4 - Capital District 1
BOTTOM OF THE 5TH
Capital District Red Knights batting - Pitching for Brooklyn Dodgers : RHP Russ Horne
Batting: RHB Reggie Kahn 0-0: Swinging Strike
0-1: Ball
1-1: Ball
2-1: Ball
3-1: Base on Balls
Batting: RHB Alfonso Enríquez 0-0: Ball
1-0: Called Strike
1-1: Foul Ball, location: 2F
1-2: Ball
2-2: Strikes out looking
Batting: SHB Bernardo Hernández 0-0: Ball
1-0: Foul Ball, location: 2F
1-1: Ball
2-1: Swinging Strike
Passed Ball!
Reggie Kahn to second
2-2: SINGLE (Groundball, 34D)
Reggie Kahn to third
Batting: LHB Arturo Hernández 0-0: Ball
1-0: Grounds into double play, 4-6-3 (Groundball, 4)
Bottom of the 5th over - 0 run(s), 1 hit(s), 0 error(s), 1 left on base; Brooklyn 4 - Capital District 1
TOP OF THE 6TH
Brooklyn Dodgers batting - Pitching for Capital District Red Knights : RHP Luis Hernández
Batting: LHB Chad Armstrong 0-0: Ball
1-0: Ball
2-0: Called Strike
2-1: Ball
3-1: Base on Balls
Batting: LHB Avon Barksdale 0-0: Called Strike
0-1: Foul Ball, location: 2F
0-2: Ball
1-2: Ball
2-2: SINGLE (Groundball, 4MD)
Chad Armstrong to second
Batting: LHB Yannick Hendriksen 0-0: Ball
1-0: Ball
2-0: Ground out 3-1 (Groundball, 34S)
Chad Armstrong to third
Avon Barksdale to second
Batting: RHB Gustavo Mateo 0-0: Ball
Wild Pitch!
Chad Armstrong scores
Avon Barksdale to third
1-0: Called Strike
1-1: Ground out 5-3 (Groundball, 56S)
Avon Barksdale scores
Batting: RHB Gerald Clark 0-0: Hit by Pitch
Pitching: LHP Terry King
Batting: RHB Vincent Crane 0-0: Ball
1-0: Ball
2-0: Ball
3-0: Called Strike
3-1: Foul Ball, location: 2F
3-2: Ground out 6-3 (Groundball, 56)
Top of the 6th over - 2 run(s), 1 hit(s), 0 error(s), 1 left on base; Brooklyn 6 - Capital District 1
BOTTOM OF THE 6TH
Capital District Red Knights batting - Pitching for Brooklyn Dodgers : RHP Russ Horne
Batting: RHB Danilo Mosca 0-0: Ball
1-0: Called Strike
1-1: Ball
2-1: Ground out U3 (Groundball, 34)
Batting: LHB Francisco Sánchez 0-0: Fly out, F5 (Popup, 5D)
Batting: RHB Sergio Ortíz 0-0: Fly out, F9 (Flyball, 89S)
Bottom of the 6th over - 0 run(s), 0 hit(s), 0 error(s), 0 left on base; Brooklyn 6 - Capital District 1
TOP OF THE 7TH
Brooklyn Dodgers batting - Pitching for Capital District Red Knights : LHP Terry King
Batting: LHB Ki-tak Im 0-0: Called Strike
0-1: Swinging Strike
0-2: Ball
1-2: SINGLE (Flyball, 8RS)
Batting: SHB Juan Rivas 0-0: Ball
1-0: Ball
2-0: Ball
3-0: Called Strike
3-1: Base on Balls
Ki-tak Im to second
Batting: RHB Oliver Aranda 0-0: Fly out, F8 (Flyball, 8RS)
Batting: LHB Chad Armstrong 0-0: Ball
1-0: Ball
2-0: Ball
3-0: Base on Balls
Ki-tak Im to third
Juan Rivas to second
Batting: LHB Avon Barksdale 0-0: Foul Ball, location: 2F
0-1: Ball
1-1: Ground out 3-1 (Groundball, 23)
Ki-tak Im scores
Juan Rivas to third
Chad Armstrong to second
Batting: LHB Yannick Hendriksen 0-0: Ball
1-0: Swinging Strike
1-1: Ball
2-1: Ground out 4-3 (Groundball, 34D)
Top of the 7th over - 1 run(s), 1 hit(s), 0 error(s), 2 left on base; Brooklyn 7 - Capital District 1
BOTTOM OF THE 7TH
Capital District Red Knights batting - Pitching for Brooklyn Dodgers : RHP Russ Horne
Batting: RHB Barry Dempsey 0-0: Ball
1-0: Ball
2-0: Foul Ball, location: 2F
2-1: Fly out, F9 (Flyball, 9LS)
Batting: RHB Chris Costa 0-0: Called Strike
0-1: Swinging Strike
0-2: Ground out 6-3 (Groundball, 6)
Batting: RHB Reggie Kahn 0-0: Ball
1-0: Called Strike
1-1: Called Strike
1-2: Foul Ball, location: 2F
1-2: Ground out 4-3 (Groundball, 4)
Bottom of the 7th over - 0 run(s), 0 hit(s), 0 error(s), 0 left on base; Brooklyn 7 - Capital District 1
TOP OF THE 8TH
Brooklyn Dodgers batting - Pitching for Capital District Red Knights : LHP Terry King
Batting: RHB Gustavo Mateo 0-0: Called Strike
0-1: Foul Ball, location: 2F
0-2: Ball
1-2: Hit by Pitch
Batting: RHB Gerald Clark 0-0: Ball
1-0: Called Strike
1-1: Called Strike
1-2: Strikes out swinging
Batting: RHB Vincent Crane 0-0: Ball
1-0: Swinging Strike
1-1: Ball
2-1: Foul Ball, location: 2F
2-2: Ball
3-2: Base on Balls
Gustavo Mateo to second
Batting: LHB Ki-tak Im 0-0: Foul Ball, location: 2F
0-1: Ball
1-1: Foul Ball, location: 2F
1-2: Foul Ball, location: 2F
1-2: Ball
2-2: Reached on error, E4 (Groundball, 4)
Gustavo Mateo to third
Vincent Crane to second
Batting: SHB Juan Rivas 0-0: GRAND SLAM HOME RUN (Flyball, 78XD), Distance : 364 ft
Pitching: RHP Ánibal Rivera
Batting: RHB Oliver Aranda 0-0: Called Strike
0-1: Foul Ball, location: 2F
0-2: Strikes out swinging
Batting: LHB Chad Armstrong 0-0: Ground out U3 (Groundball, 34)
Top of the 8th over - 4 run(s), 1 hit(s), 1 error(s), 0 left on base; Brooklyn 11 - Capital District 1
BOTTOM OF THE 8TH
Capital District Red Knights batting - Pitching for Brooklyn Dodgers : RHP Russ Horne
Batting: RHB Alfonso Enríquez 0-0: Ball
1-0: Hit by Pitch
Batting: SHB Bernardo Hernández 0-0: Called Strike
0-1: Ball
1-1: Ball
2-1: Swinging Strike
2-2: SINGLE (Line Drive, 56)
Alfonso Enríquez to second
Batting: LHB Arturo Hernández 0-0: Ball
1-0: Fielders Choice at 2nd, 4-6 (Groundball, 4)
Alfonso Enríquez to third
Batting: RHB Danilo Mosca 0-0: Ball
1-0: Ball
2-0: Foul Ball, location: 2F
2-1: SINGLE (Groundball, 6D)
Alfonso Enríquez scores
Arturo Hernández to second
Pitching: RHP John Bailey
Batting: LHB Francisco Sánchez 0-0: Called Strike
0-1: Foul Ball, location: 2F
0-2: Strikes out swinging
Batting: RHB Sergio Ortíz 0-0: Called Strike
0-1: Ball
1-1: Foul Ball, location: 2F
1-2: Foul Ball, location: 2F
1-2: Ball
2-2: Strikes out swinging
Bottom of the 8th over - 1 run(s), 2 hit(s), 0 error(s), 2 left on base; Brooklyn 11 - Capital District 2
TOP OF THE 9TH
Brooklyn Dodgers batting - Pitching for Capital District Red Knights : RHP Ánibal Rivera
Batting: LHB Avon Barksdale 0-0: Foul Ball, location: 2F
0-1: Called Strike
0-2: Ball
1-2: Foul Ball, location: 2F
1-2: Strikes out swinging
Batting: LHB Yannick Hendriksen 0-0: Foul Ball, location: 2F
0-1: Called Strike
0-2: Fly out, F7 (Flyball, 7LSF)
Batting: RHB Gustavo Mateo 0-0: Ball
1-0: Called Strike
1-1: Fly out, F6 (Popup, 6MD)
Top of the 9th over - 0 run(s), 0 hit(s), 0 error(s), 0 left on base; Brooklyn 11 - Capital District 2
BOTTOM OF THE 9TH
Capital District Red Knights batting - Pitching for Brooklyn Dodgers : RHP John Bailey
Batting: RHB Barry Dempsey 0-0: Fly out, F2 (Popup, 23)
Batting: RHB Chris Costa 0-0: Ball
1-0: Ball
2-0: Fly out, F5 (Line Drive, 5)
Batting: RHB Reggie Kahn 0-0: Ground out 4-3 (Groundball, 4M)
Bottom of the 9th over - 0 run(s), 0 hit(s), 0 error(s), 0 left on base; Brooklyn 11 - Capital District 2
Saturday, May 26th, 2018 - OOTP Baseball 17.12 Build 75